[Event "SVK ECo-C Extraliga 2021-22"]
[Site "Slovakia"]
[Date "2022.05.07"]
[Round "7.7"]
[White "Petran, Peter"]
[Black "Kravec, Patrik"]
[Result "1/2-1/2"]
[ECO "A10"]
[WhiteElo "2240"]
[BlackElo "2140"]
[Annotator "TA"]
[PlyCount "74"]
[EventDate "2021.10.21"]
[EventType "team-tourn"]
[EventCountry "SVK"]
[SourceTitle "playchess.com"]
[Source "ChessBase"]
[SourceQuality "1"]
[TimeControl "40/5400+30:1800+30"]

1. c4 g6 2. Nc3 c5 3. e3 Bg7 4. d4 b6 5. Nf3 Bb7 6. d5 {[%emt 0:01:42] A34: Symmetrical English: 2 Nc3, lines with ...d5.} d6 7. e4 Nd7 8. Bf4 {[%emt 0:01:53] White is better.} Ngf6 9. Bd3 {[%emt 0:03:12] [#]} Ng4 $146 ({Predecessor:} 9... O-O 10. Qd2 a6 11. O-O Ng4 12. Qc2 Qc7 13. Be2 Rfc8 14. h3 Nge5 15. Nd2 b5 16. cxb5 {0-1 (36) Walter,M (1992)-Bachmayer,J (2088) Austria 2004}) 10. O-O Nge5 11. Nxe5 Nxe5 12. Be2 O-O 13. Qd2 Re8 (13... e6 $142) 14. Bh6 $16 Bh8 15. f4 Nd7 16. Bd1 {[%emt 0:00:27] White is more active.} ({White should try} 16. e5 $16) 16... a6 17. Ba4 b5 18. cxb5 axb5 19. Bxb5 Ba6 20. Bxd7 (20. a4 $14) 20... Qxd7 21. Rf3 Reb8 {[%emt 0:08:06][%mdl 1024] Black has compensation.} 22. f5 Rb4 23. Re1 Rab8 24. Nd1 Rd4 25. Qf2 {[%emt 0:01:25] [#] Threatens to win with fxg6.} Qe8 (25... Rd3 $11) 26. Bd2 ({Better is} 26. fxg6 $14 hxg6 27. Bd2) 26... Rd3 ({Black should play} 26... Bd3 $1 $11) 27. Bc3 Bxc3 28. bxc3 Rxf3 29. Qxf3 Rb1 {[%emt 0:00:46] aiming for ...Qa4.} 30. Qe3 Qa4 31. fxg6 hxg6 (31... Rxd1 $2 32. gxf7+ Kxf7 33. Qf3+ Ke8 34. Qxd1 $18) 32. Nf2 Qxa2 33. h4 Rxe1+ 34. Qxe1 Qe2 35. Qxe2 {[%emt 0:01:11] The position is equal.} Bxe2 36. Kh2 Kg7 {[%emt 0:00:39] [#] Hoping for ...Kf6.} 37. Kg3 Bf1 {[%emt 0:00:42] Weighted Error Value: White=0.14 (very precise) /Black=0.14 (very precise)} 1/2-1/2

[Event "SVK ECo-C Extraliga 2021-22"]
[Site "Slovakia"]
[Date "2022.05.07"]
[Round "7.7"]
[White "Gasa, Andrej"]
[Black "Bojtos, Patrik"]
[Result "1/2-1/2"]
[ECO "B38"]
[WhiteElo "2153"]
[BlackElo "1986"]
[Annotator "TA"]
[PlyCount "81"]
[EventDate "2021.10.21"]
[EventType "team-tourn"]
[EventCountry "SVK"]
[SourceTitle "playchess.com"]
[Source "ChessBase"]
[SourceQuality "1"]
[TimeControl "40/5400+30:1800+30"]

1. e4 c5 2. Nf3 g6 3. d4 cxd4 4. Nxd4 Bg7 5. c4 Nc6 6. Be3 Nf6 7. Nc3 d6 8. Be2 O-O 9. O-O Nxd4 10. Bxd4 Bd7 11. Be3 Bc6 12. f3 Nd7 13. Qd2 a5 14. Rab1 a4 {[%emt 0:00:52] B38: Sicilian: Maroczy Bind with 5...Bg7 and 7...0-0.} 15. Rfc1 Qa5 16. b4 axb3 $1 {[%emt 0:00:33] White has an edge.} 17. axb3 {[%emt 0:00:05] Strongly threatening b4.} Bxc3 {[%emt 0:13:48] [#]} 18. Rxc3 $146 {[%emt 0:02:12] [#] aiming for b4.} ({Predecessor:} 18. Qxc3 Qxc3 19. Rxc3 Ra2 20. Bf1 Rfa8 21. b4 b6 22. Rcb3 Kf8 23. R3b2 e5 24. g3 {1-0 (69) Mueller,R (2414)-Berberich,C (2085) Wiesbaden 2012}) 18... Qb4 19. Rc2 Qxd2 20. Bxd2 Rfb8 21. Kf2 Kf8 22. b4 {[%emt 0:03:09][%cal Bb3b4,Bb4b5][%mdl 32] [#] And now b5 would win.} b6 23. Be3 Ra3 24. Rbb2 Ne5 25. b5 Bb7 26. Ra2 Rxa2 27. Rxa2 Nd7 28. h4 {[%emt 0:01:31] White is more active.} Ra8 29. Rxa8+ Bxa8 $14 {[%emt 0:00:01][%mdl 4096] Endgame KBB-KBN} 30. Bd4 e5 31. Be3 Kg7 32. g3 Bb7 33. Bf1 h6 34. Bh3 Nc5 35. Ke2 f6 36. Kf2 Nd3+ 37. Ke2 Nc5 38. Bf2 Na4 39. Bg1 Nc5 40. Be3 Kh7 41. Bg1 {[%emt 0:36:05] Weighted Error Value: White=0.06 (flawless) /Black=0.03 (flawless)} (41. h5 $16) 1/2-1/2

[Event "SVK ECo-C Extraliga 2021-22"]
[Site "Slovakia"]
[Date "2022.05.07"]
[Round "7.7"]
[White "Brhel, Jan"]
[Black "Jacko, Vladimir"]
[Result "0-1"]
[ECO "A47"]
[WhiteElo "2027"]
[BlackElo "2379"]
[Annotator "TA"]
[PlyCount "78"]
[EventDate "2021.10.21"]
[EventType "team-tourn"]
[EventCountry "SVK"]
[SourceTitle "playchess.com"]
[Source "ChessBase"]
[SourceQuality "1"]
[TimeControl "40/5400+30:1800+30"]

1. d4 b6 2. Nf3 Nf6 3. e3 Bb7 4. c4 g6 5. Nc3 Bg7 6. Be2 {[%emt 0:02:15] A47: 1 d4 Nf6 2 Nf3 b6: Torre, London and Colle Systems.} O-O 7. Qc2 d6 8. O-O {[%emt 0:02:31] White is slightly better.} Nbd7 9. Rd1 c6 10. b3 Qc7 11. Bb2 {[%emt 0:04:48] [#]} a6 $146 ({Predecessor:} 11... c5 12. d5 a6 13. Qd2 Rad8 14. Rac1 Nb8 15. e4 e5 16. h3 Nh5 17. g3 Bc8 {0-1 (27) Remete,Z (1651)-L'Ami,A (2089) Tapolca 1999}) 12. Rac1 Rfe8 13. Ba3 e6 14. Nd2 c5 15. Bf3 cxd4 16. exd4 Bxf3 17. Nxf3 Bh6 18. Nd2 Qb8 19. Nce4 d5 20. Bd6 Qb7 21. Ng3 Rac8 22. Qd3 Rc6 (22... dxc4 $17 23. bxc4 e5 24. Bxe5 Nxe5 25. dxe5 Rxe5) 23. Ba3 $11 Rec8 (23... b5 {feels hotter.} 24. h3 bxc4 25. bxc4 Bxd2 26. Rxd2 dxc4 27. Rxc4 Rxc4 28. Qxc4 Rc8) 24. cxd5 (24. Ngf1 $1 $11) 24... Nxd5 $17 25. Rxc6 Rxc6 26. Ne2 a5 (26... Qc7 $17 27. g3 (27. Qxa6 Rc2 $17) 27... Bxd2 28. Rxd2 b5) 27. Nc4 Qc7 28. g3 {[%emt 0:03:47] [#]} (28. Bb2 $15) 28... b5 $1 29. Ne3 {[%emt 0:00:08] [#]} b4 {[%emt 0:00:18] Black is more active.} ({Black should play} 29... Nxe3 $1 30. fxe3 b4) 30. Nxd5 $4 {[%emt 0:00:21][%mdl 8192] White does not recover from this.} (30. Bc1 $17 {is more resistant.} Bxe3 31. Bxe3) 30... exd5 $19 31. Bb2 Rc2 32. Rb1 (32. Bc3 $142 Rxe2 33. Qxe2 bxc3 34. Qc2) 32... Rd2 33. Qf3 Nf8 34. Bc1 Rd1+ 35. Kg2 {[%emt 0:00:08] Bf4 is the strong threat.} Bxc1 36. Nf4 $2 (36. Qxd5 Qc2 37. Rxc1 Qxe2 38. Rxd1 Qxd1 39. h4) 36... Rxd4 {[%emt 0:01:31][%cal Rc1f4] Black is clearly winning.} 37. Ne2 Rd1 {[%emt 0:00:33] And now ...d4 would win.} 38. Nf4 (38. Rxc1 $142 Rxc1 39. Nxc1 Qxc1 40. Qxd5) 38... Qc2 39. Nxd5 Rxd5 {[%emt 0:00:09] Weighted Error Value: White=0.58/Black=0.23 (precise)} 0-1

[Event "SVK ECo-C Extraliga 2021-22"]
[Site "Slovakia"]
[Date "2022.05.08"]
[Round "7.7"]
[White "Sevcik, Matej"]
[Black "Faber, Peter"]
[Result "1-0"]
[ECO "A62"]
[WhiteElo "1820"]
[BlackElo "1876"]
[Annotator "NA COMBH"]
[PlyCount "57"]
[EventDate "2021.10.21"]
[EventType "team-tourn"]
[EventCountry "SVK"]
[SourceTitle "playchess.com"]
[Source "ChessBase"]
[SourceQuality "1"]
[TimeControl "40/5400+30:1800+30"]

1. d4 Nf6 2. c4 c5 3. d5 e6 4. Nc3 exd5 5. cxd5 d6 6. Nf3 g6 7. g3 Bg7 8. Bg2 O-O 9. O-O Re8 10. Bf4 a6 11. a4 h6 12. Re1 g5 13. Bc1 Bf5 14. Nd2 Nbd7 15. Nc4 Qe7 16. e4 Nxe4 17. Nxe4 Bxe4 18. Rxe4 Qf6 19. a5 Qg6 20. Qc2 f5 21. Rxe8+ Rxe8 22. Be3 Qf6 23. Re1 f4 24. Bd2 Rf8 25. Bc3 Ne5 26. Nxe5 dxe5 27. Bxe5 Qe7 28. Bc3 Qd6 29. Re6 1-0

[Event "SVK ECo-C Extraliga 2021-22"]
[Site "Slovakia"]
[Date "2022.05.07"]
[Round "7.8"]
[White "Danada, Tomas"]
[Black "Gajdosik, Andrej"]
[Result "1-0"]
[ECO "A05"]
[WhiteElo "2302"]
[BlackElo "2023"]
[Annotator "TA"]
[PlyCount "129"]
[EventDate "2021.10.21"]
[EventType "team-tourn"]
[EventCountry "SVK"]
[SourceTitle "playchess.com"]
[Source "ChessBase"]
[SourceQuality "1"]
[TimeControl "40/5400+30:1800+30"]

1. Nf3 Nf6 2. c4 g6 3. Nc3 Bg7 4. e4 d6 5. d4 Bg4 6. Be3 Nbd7 7. Be2 c6 8. O-O O-O 9. h3 Bxf3 {[%emt 0:00:10] E91: King's Indian: Classical: 6 Be2, unusual replies including 6...c5 and 6...Bg4.} 10. Bxf3 e5 11. d5 c5 {[%emt 0:04:24] White is slightly better.} 12. a3 a6 (12... Ne8 $142) 13. b4 {[%emt 0:01:53] [#]} Rc8 $146 ({Predecessor:} 13... b6 14. Qc2 Qc7 15. Be2 Ne8 16. Bd3 Nef6 17. b5 a5 18. Rae1 Nh5 19. g3 Rae8 {1-0 (35) Schueppen,H (2407)-Scaramuzzo,G (2012) ICCF email 2017}) 14. Be2 b5 (14... Ne8 $142) 15. g4 ({Don't play} 15. cxb5 $6 cxb4 16. Nb1 Nxe4 $11) (15. Qc2 $16) 15... bxc4 $14 16. g5 (16. Qa4 $14) 16... Ne8 $1 $11 17. Bg4 Rb8 18. Qa4 cxb4 ({Better is} 18... f5 $1 $11 19. gxf6 Ndxf6 20. Be6+ Kh8) 19. axb4 (19. Qxd7 $14 bxc3 20. Qxd8 Rxd8 21. Rac1) 19... f5 20. gxf6 $1 Ndxf6 21. Be6+ Kh8 {[%emt 0:00:08] Hoping for ...Nh5.} 22. Qxa6 Rxb4 23. Qc6 Nc7 {[%emt 0:11:54] Against Ra8} (23... Nh5 $11) 24. Ra7 $14 Nfe8 ({Less strong is} 24... Nxe6 25. dxe6 Re8 26. Nd5 $16) 25. Kg2 Qf6 (25... Rb2 $11 {keeps the balance.}) 26. Rxc7 $16 {[%emt 0:01:20] Really sharp! 0x0.0020473dc373dp-1022s more active pieces.} Nxc7 27. Qxc7 Qf3+ (27... Rb3 $2 28. Qxc4 Rfb8 29. Ra1) (27... Rb2 $16) 28. Kh2 Rb2 {[%emt 0:01:35] Threatens to win with ...Qxe3.} 29. Qa7 (29. Kg1 $1 $18) 29... Rb3 (29... h5 $1 $11) 30. Bg4 ({White should try} 30. Qa1 $1 $16) 30... Qf6 $1 $14 31. Qa1 Rfb8 ({Black should play} 31... Qh4 $1 $14) 32. Qc1 Rb2 33. Nd1 $36 {[%emt 0:00:49][%mdl 2048] Black is under strong pressure.} R2b4 34. Bd2 c3 35. Nxc3 Rc4 36. Bg5 Qf7 37. Qa3 Qc7 {[%emt 0:00:39] [#]} (37... Rcb4 $16 38. Kg1 Qf8) 38. Rb1 $1 $18 Rf8 (38... Rxb1 39. Nxb1 h6) (38... h6 39. Be3) 39. Nb5 $1 Qb6 40. Be3 Qb7 41. Qd3 {[%emt 0:31:44] Inhibits Rc2.} Ra4 42. Nxd6 Qe7 43. Qb3 Ra6 44. Nc4 h5 45. Be6 Qh4 46. Nd2 Rxf2+ 47. Bxf2 $2 (47. Kh1 $1 $18) 47... Qxf2+ $11 48. Kh1 Qxd2 49. Qg3 Qc2 50. Rb8+ Kh7 51. Bg8+ Kh6 $2 (51... Kh8 $11 52. Be6+ Kh7 53. Bg8+ Kh8 54. Be6+) 52. Qe3+ g5 53. Rb6+ Bf6 54. Rxa6 Qb1+ 55. Kg2 Qc2+ 56. Kf3 Qd1+ 57. Qe2 (57. Kf2 $142 Kg6 58. Bh7+ $1 Kf7 59. Ra7+ Be7 60. Qc3 g4 61. Bg8+ $1 Kg6 62. Rxe7) 57... g4+ 58. hxg4 {[%emt 0:00:29] White mates.} hxg4+ 59. Kf2 g3+ 60. Kf3 Qh1+ 61. Qg2 Qd1+ 62. Kxg3 Qd3+ {[%emt 0:01:04] [#]} 63. Kg4 $1 Qd1+ 64. Kf5 Qg4+ 65. Kxg4 {[%emt 0:00:29] Weighted Error Value: White=0.35/Black=0.44} 1-0

[Event "SVK ECo-C Extraliga 2021-22"]
[Site "Slovakia"]
[Date "2022.05.07"]
[Round "7.8"]
[White "Holly, Andrej"]
[Black "Zpevak, Pavel"]
[Result "0-1"]
[ECO "A15"]
[WhiteElo "2214"]
[BlackElo "2373"]
[Annotator "TA"]
[PlyCount "87"]
[EventDate "2021.10.21"]
[EventType "team-tourn"]
[EventCountry "SVK"]
[SourceTitle "playchess.com"]
[Source "ChessBase"]
[SourceQuality "1"]
[TimeControl "40/5400+30:1800+30"]

1. c4 Nf6 2. g3 c6 3. Bg2 d5 4. Nf3 Bf5 5. O-O e6 6. b3 h6 7. Bb2 Nbd7 8. d3 Bc5 9. Nc3 O-O 10. e3 {[%emt 0:03:25] A12: English Opening: 1...c6 with b3 by White.} Qe7 11. Qe2 Bh7 {[%emt 0:03:44] [#]} 12. Nd2 $146 {[%emt 0:08:54] The position is equal.} ({Predecessor:} 12. Rad1 Rfd8 13. h3 Rab8 14. Kh2 Re8 15. d4 Bd6 16. Nd2 Bc7 17. f4 Ba5 18. a3 Bxc3 19. Bxc3 {1-0 (36) Ovetchkin,R (2540)-Cheremnova,T (2163) Belgorod 2009}) 12... Ba3 13. Bxa3 Qxa3 14. e4 ({White should play} 14. d4 $11) 14... dxe4 (14... Nc5 {looks sharper.} 15. d4 Qb2 16. dxc5 Qxc3 17. exd5 exd5 18. cxd5 Rfe8) 15. dxe4 Rfd8 16. Rfd1 Qa5 17. Na4 e5 (17... Bg6 $5 ) 18. f3 b5 19. Nb2 Nc5 $1 {[%emt 0:01:18] Prevents Nd3.} 20. Bh3 Rd4 21. Nf1 Rad8 {[%emt 0:00:52] Black is much more active.} ({Better is} 21... Rxd1 $1 $15 22. Rxd1 Qxa2 23. cxb5 cxb5) 22. Rxd4 Rxd4 23. cxb5 Nxb3 (23... cxb5 $11 24. Rc1 Qb6) 24. axb3 $2 Qxa1 $17 25. bxc6 {[%emt 0:00:03] [#] Black must now prevent c7.} Qa5 26. Qc2 (26. Qe3 $142) 26... Qc7 27. Nd3 $2 {[%emt 0:01:15][%mdl 8192] [#] White does not recover from this.} (27. Qc3 $17) 27... Nxe4 $1 $19 28. Nxe5 Rd5 {[%emt 0:00:40] Hoping for ...Ng5.} (28... Qxe5 29. c7 Qe8 30. c8=Q $18) 29. Nxf7 Kxf7 (29... Ng5 $142 30. Nxh6+ Kf8) 30. fxe4 {[%emt 0:06:01] aiming for Qf2+.} Qb6+ 31. Kg2 Qc5 32. Qe2 ({Of course not} 32. Qf2+ Qxf2+ 33. Kxf2 Rc5) 32... Re5 (32... Rd1 $2 33. c7 Qxc7 34. Qf3+ Ke7 35. Qxd1 $18) 33. Qf3+ (33. Nd2 Qxc6 34. Kf3) 33... Ke7 ({Not} 33... Kg8 $2 34. Nd2 Qxc6 35. Kf2 $19) 34. Bf5 Bxf5 35. exf5 Rxf5 {[%emt 0:00:21][%mdl 4096] Endgame ( -> ...Qc2+). KQR-KQN} ({Worse is} 35... Re1 36. Kh3 $15) 36. Qe4+ Re5 37. Qg6 (37. Qf3 $142 Qc2+ 38. Kg1) 37... Qd5+ 38. Kg1 Qd4+ 39. Kg2 Qe4+ 40. Qxe4 Rxe4 41. Kf3 Rb4 42. Ne3 {[%emt 0:00:17] Threatens to win with Nd5+.} Rxb3 43. Ke4 {[%emt 0:00:02] [#]} Rxe3+ $1 44. Kd4 {Weighted Error Value: White=0.71/Black=0.14 (very precise)} (44. Kxe3 Kd6) 0-1

[Event "SVK ECo-C Extraliga 2021-22"]
[Site "Slovakia"]
[Date "2022.05.07"]
[Round "7.8"]
[White "Kardis, Benjamin"]
[Black "Zetocha, Adrian"]
[Result "1-0"]
[ECO "D01"]
[WhiteElo "1939"]
[BlackElo "2243"]
[Annotator "TA"]
[PlyCount "91"]
[EventDate "2021.10.21"]
[EventType "team-tourn"]
[EventCountry "SVK"]
[SourceTitle "playchess.com"]
[Source "ChessBase"]
[SourceQuality "1"]
[TimeControl "40/5400+30:1800+30"]

1. d4 Nf6 2. Nc3 d5 3. Bg5 c5 4. Bxf6 gxf6 5. e4 dxe4 6. d5 {[%emt 0:05:05] D01: Veresov Opening.} (6. dxc5 $11 Nc6 7. Qxd8+ Kxd8 8. Nxe4) 6... f5 $17 7. f3 exf3 {[%emt 0:10:40] [#]} (7... Qb6 $17 8. Rb1 Bg7) 8. Nxf3 $146 {[%emt 0:03:17] Black is slightly better.} ({Predecessor:} 8. Qxf3 Bg7 9. Bb5+ Nd7 10. Qxf5 a6 11. Bxd7+ Bxd7 12. Qf3 O-O 13. Nge2 Qb6 14. O-O Qxb2 {0-1 (29) Caceres,D (2128)-Beinoras,M (2402) Tromsoe 2014}) 8... Qb6 (8... a6 $15) 9. Rb1 (9. Bb5+ $11 Nd7 10. Qe2) 9... Bg7 10. Bd3 (10. Bc4 $15) 10... O-O $1 11. Qd2 (11. Nd2 $17 {might work better.}) 11... e5 12. Be2 Rd8 13. O-O Nc6 $1 14. Qg5 Nd4 15. Bc4 ({Don't blunder} 15. Nxe5 $2 f6 16. Qd2 fxe5 $19) 15... f6 $2 ({Black should play} 15... Nxc2 $19 {And now ...h6 would win.} 16. Nxe5 Qf6 17. Qxf6 Bxf6) 16. Qh5 (16. d6+ $1 $15 Kh8 17. Qh5 Qxd6 18. Nh4) 16... Qd6 (16... Nxc2 17. d6+ Kh8 18. Nh4 $18) (16... Qb4 $17 17. Nd2 b5) 17. b3 Bd7 ({But not} 17... Nxc2 18. Nb5 Qf8 19. d6+ Kh8 20. Nh4 $11) 18. Nxd4 cxd4 19. Nb5 Bxb5 20. Bxb5 Qc5 (20... Qxd5 $2 21. Bc4 $18) 21. Bd3 (21. a4 $1 $15) 21... e4 $19 22. b4 Qb6 (22... Qxd5 $17 23. Be2 Rac8) 23. Bc4 $11 Rac8 (23... Kh8 $15) 24. Bb3 $1 {[%emt 0:00:50] Hoping for d6+.} d3+ (24... Qxb4 $2 25. d6+ Rc4 26. Qxf5 $18) 25. Kh1 dxc2 26. Rbc1 {[%emt 0:00:42] d6+ is the strong threat.} Qxb4 {[%emt 0:08:54] [#]} (26... Qd6 $11 {keeps the balance.}) 27. Qxf5 ({Better is} 27. d6+ $1 $16 Kh8 28. Be6) 27... Qd4 28. Rxc2 Rxc2 29. Bxc2 Re8 (29... e3 $11 {remains equal.}) 30. d6 Qxd6 31. Bxe4 b5 $2 (31... Qd2 $16) 32. Qxh7+ (32. Bc2 $142 h6 33. Qh7+ (33. Qxb5 Re5 $14) 33... Kf8 34. Bb3) 32... Kf8 $18 {[%emt 0:00:01] [#]} 33. Bg6 (33. Bc2 $1 $18 ) 33... Re5 34. Qh3 {[%emt 0:00:22] White threatens Qc8+ and mate.} Qe6 {[%emt 0:00:24] Inhibits Qc8+.} 35. Qd3 {[%emt 0:01:27] White is more active.} Qd5 {[%emt 0:00:35] Inhibits Qd8+.} 36. Qa3+ Qc5 37. Qa6 Re7 38. Rb1 $40 {[%emt 0:00:37][%mdl 128] White is up to no good.} ({White should try} 38. Bd3 $16) 38... Re5 39. Qb7 Qd5 {[%emt 0:00:30][%mdl 8192] Prevents Qf7+.} (39... Kg8 $16) 40. Qb8+ Ke7 41. Qe8+ Kd6 42. Qd8+ Ke6 43. Qg8+ Kd6 44. Qxg7 {[%emt 0:00:10] Black must now prevent Rc1.} Rg5 45. Qxf6+ (45. Qf8+ $142 Kd7 46. Be8+ Kc7 47. Rc1+ Kb7 48. Qe7+ Ka6 49. Qxf6+ Ka5 50. Qc3+ Ka6 51. Qc8+ Ka5 52. Qc7+ Ka4 53. Rc4+ Qxc4 54. Qxc4+ Ka5 55. Qc3+ Ka4 56. Qc4+ Ka5 57. Qc3+ Ka4 58. Qe3) 45... Kc5 {[%emt 0:00:16] [#]} 46. Be4 $1 {[%emt 0:00:32] A wild game.  Weighted Error Value: White=0.34/Black=0.77} 1-0

[Event "SVK ECo-C Extraliga 2021-22"]
[Site "Slovakia"]
[Date "2022.05.08"]
[Round "7.8"]
[White "Striskova, Lucia"]
[Black "Krivan, Gregor"]
[Result "1-0"]
[ECO "B15"]
[WhiteElo "1923"]
[BlackElo "1576"]
[Annotator "TA"]
[PlyCount "43"]
[EventDate "2021.10.21"]
[EventType "team-tourn"]
[EventCountry "SVK"]
[SourceTitle "playchess.com"]
[Source "ChessBase"]
[SourceQuality "1"]
[TimeControl "40/5400+30:1800+30"]

1. e4 c6 2. d4 d5 3. Nc3 dxe4 4. Nxe4 Nf6 5. Nxf6+ exf6 6. c3 Bd6 7. Bd3 O-O 8. Qc2 {[%emt 0:00:35] Active counter play!} Re8+ {[%emt 0:02:16] B15: Caro-Kann: 3 Nc3: 3...g6 and 3...dxe4 4 Nxe4 Nf6 5 Nxf6+ exf6.} 9. Ne2 h5 (9... f5 $5) 10. O-O Qc7 {[%emt 0:03:03] White is slightly better.} 11. h3 Be6 12. Be3 Nd7 13. c4 {[%emt 0:01:36][%cal Bc3c4,Bc4d5][%mdl 32] [#]} b6 $146 ({Predecessor:} 13... Nf8 14. c5 Be7 15. Nf4 g6 16. Nxe6 Nxe6 17. Bc4 f5 18. Rfd1 Rad8 19. Rd3 Bf6 {0-1 (41) Tan,J (2466)-Hansen,T (2410) Chess.com INT 2018}) 14. Nc3 {[%emt 0:04:27] [#] d5 is the strong threat.} Bf8 $2 {[%emt 0:03:00][%mdl 8192] This move loses the game for Black.} (14... Nf8 $1 $14) 15. d5 $18 cxd5 16. cxd5 Bxh3 17. gxh3 Rxe3 18. fxe3 ({Not} 18. Bh7+ Kh8 19. d6 (19. fxe3 Qg3+ 20. Qg2 Qxe3+ 21. Kh1 Kxh7 $14) 19... Rxc3 20. dxc7 Rxc2 21. Bxc2 Rc8 $16) 18... Qg3+ 19. Kh1 {[%emt 0:01:31] [#] Strongly threatening Bf5.} Ne5 $2 (19... Qxh3+ 20. Qh2 Qxh2+ 21. Kxh2 g6) 20. Be4 (20. Bf5 $142) 20... Rc8 $2 (20... Qxh3+ {was called for.} 21. Qh2 Qxh2+ 22. Kxh2 Ng4+ 23. Kh3 Nxe3) 21. Qg2 Qxe3 (21... Qxg2+ 22. Bxg2 Nc4) 22. Rae1 {[%emt 0:01:29] Weighted Error Value: White=0.39/Black=1.09} 1-0

[Event "SVK ECo-C Extraliga 2021-22"]
[Site "Slovakia"]
[Date "2022.05.07"]
[Round "7.8"]
[White "Jakab, Robert"]
[Black "Gasa, Patrik"]
[Result "0-1"]
[ECO "B32"]
[WhiteElo "1903"]
[BlackElo "2178"]
[Annotator "TA"]
[PlyCount "80"]
[EventDate "2021.10.21"]
[EventType "team-tourn"]
[EventCountry "SVK"]
[SourceTitle "playchess.com"]
[Source "ChessBase"]
[SourceQuality "1"]
[TimeControl "40/5400+30:1800+30"]

1. e4 c5 2. Nf3 Nc6 3. d4 cxd4 4. Nxd4 e5 5. Nxc6 bxc6 6. Be3 Nf6 7. f3 Rb8 {[%emt 0:01:03] B32: Sicilian: Löwenthal and Kalashnikov Variations.} 8. b3 d5 9. exd5 (9. Bd3 $15) 9... cxd5 $17 {[%emt 0:00:18] [#] Black is better.} 10. Bd3 $146 (10. Be2 $142) ({Predecessor:} 10. Be2 d4 11. Bf2 Qa5+ 12. Qd2 Bb4 13. c3 dxc3 14. Qc2 Bf5 15. Qxf5 c2+ 16. Kf1 c1=Q+ 17. Be1 Qxe1# {0-1 (17) Pinphetsawan,S (1447)-Robillos,A (1672) Bangkok 2020}) 10... Bd6 11. c4 (11. O-O $17 {was worth a try.}) 11... O-O (11... e4 $19 12. fxe4 Ng4) 12. Nd2 $2 (12. c5 $17 d4 13. Bxd4) 12... e4 $19 13. fxe4 dxe4 (13... Bg4 14. Be2 Bxe2 15. Qxe2 $11) 14. Be2 {[%emt 0:04:05] Against Ng4} Qc7 {[%emt 0:03:25] aiming for ...Rd8.} 15. g3 (15. O-O {might work better.}) 15... Bb7 (15... Rd8 $142 16. Qc2 Bg4) 16. Rg1 $2 (16. a3) 16... Bc5 17. Nf1 Rbd8 18. Qc2 Qe5 19. Rd1 Bb4+ 20. Kf2 Qf5+ 21. Kg2 {[%emt 0:02:12] [#]} Rd3 $1 22. h3 {[%emt 0:04:21] [#] Inhibits Ng4.} Rfd8 (22... h5 $142 $1 {Threatens to win with ...Rfd8.} 23. Qb2 (23. Qb1 Rfd8) 23... Rfd8) 23. Qc1 $2 {[%emt 0:02:01] [#]} (23. Kh2) 23... Rxd1 $2 ({Wrong is} 23... Bc8 $2 24. g4 Qa5 25. Qb1 $19 (25. Bxd3 $2 exd3 26. c5 Bb7+ 27. Kh2 Bf3 $19)) (23... Qf3+ $3 24. Bxf3 exf3+ 25. Kf2 Rxd1 26. Qxd1 Rxd1) 24. Bxd1 h5 ({Stronger than} 24... Bc8 25. Rh1) 25. Be2 Bc5 {[%emt 0:00:42][%cal Od8d3,Bb4c5,Bc5e3,Be3c1][%mdl 32] White must now prevent ...Rd3!} ({Worse is} 25... Bc8 26. Rh1 $17) 26. Nh2 $2 (26. Qe1 $17 Bb6 27. b4) 26... Rd3 27. Rf1 (27. Nf1 $142) 27... Bxe3 28. Rxf5 Bxc1 {[%emt 0:00:01] This bishop pair is nice.} 29. Bxd3 exd3+ 30. Kf1 d2 31. Ke2 Ne4 {[%emt 0:00:10] ( -> ...Nc3+)} 32. Rf3 {[%emt 0:00:42] Prevents Nc3+.} a5 33. Nf1 f5 34. h4 g6 {[%emt 0:00:26] Black is clearly winning.} 35. Rd3 Bc6 36. Rf3 (36. a3 $142 Bxa3 37. Nxd2) 36... Kf7 37. Rd3 Ke6 38. Rf3 Kd6 {[%emt 0:00:14] ...Kc5 is the strong threat.} 39. Rd3+ (39. Kd1 $142) 39... Kc5 40. Rf3 Kb4 {[%emt 0:00:22] White got outplayed after the opening.  Weighted Error Value: White=1.02/Black=0.61} 0-1

[Event "SVK ECo-C Extraliga 2021-22"]
[Site "Slovakia"]
[Date "2022.05.08"]
[Round "7.8"]
[White "Papes, Milan"]
[Black "Bochnicka Vladimir ml."]
[Result "0-1"]
[ECO "B30"]
[WhiteElo "1480"]
[BlackElo "2204"]
[Annotator "TA"]
[PlyCount "46"]
[EventDate "2021.10.21"]
[EventType "team-tourn"]
[EventCountry "SVK"]
[SourceTitle "playchess.com"]
[Source "ChessBase"]
[SourceQuality "1"]
[TimeControl "40/5400+30:1800+30"]

1. e4 c5 2. c4 Nc6 3. Nf3 e5 4. d3 g6 5. Be2 Bg7 6. Nc3 {[%emt 0:00:53] B30: Sicilian: 2...Nc6 3 Bb5, lines without ...g6.} Nge7 7. O-O O-O 8. a3 {[%emt 0:01:21] The position is equal.} d6 9. Rb1 a5 10. Nd5 h6 11. Bd2 {[%emt 0:03:51] [#]} Nxd5 $146 (11... b6 {is more complex.} 12. b4 axb4 13. axb4 Nxd5 14. cxd5 Nd4) ({Predecessor:} 11... f5 12. b4 axb4 13. axb4 Nxd5 14. cxd5 Nxb4 15. Bxb4 cxb4 16. Rxb4 Ra2 17. Re1 Qa5 {0-1 (74) Tadic,S (2235)-Omorjan,D (2254) Belgrade 2019}) 12. cxd5 Ne7 (12... Nd4 $11 {keeps the balance.}) 13. Ne1 (13. b4 $16) 13... b5 $11 14. f4 Kh7 (14... exf4 $15 15. Bxf4 f5) 15. Bg4 ({Better is} 15. fxe5 $11 Bxe5 16. Nf3) 15... f5 $15 16. Bh3 {[%emt 0:03:10] Now White is beyond hope.} ({White should play} 16. Be2 $15) 16... exf4 $19 17. exf5 Bxf5 18. Bxf5 {[%emt 0:00:41] [#] Strongly threatening Be4.} Nxf5 ({Weaker is} 18... Rxf5 19. Rxf4 Rxf4 20. Bxf4 $17) 19. Bxf4 $2 (19. Nc2) 19... Bd4+ {[%emt 0:01:45] Black is clearly winning.} 20. Kh1 Ne3 21. Qc1 Nxf1 22. Nf3 {[%emt 0:00:27] [#]} Bg7 $1 23. Qxf1 (23. Bxh6 Ng3+) 23... Rxf4 {[%emt 0:00:15] Weighted Error Value: White=0.72/Black=0.15 (very precise)} 0-1